 Dungeon Crawl Stone Soup version 0.29.1-2-gbd0b4ee654 (webtiles) character file.

Game seed: 14723167085973590524

254 hilljack the Digger (level 6, -1/41 HPs)
             Began as a Human Earth Elementalist on Nov 6, 2022.
             Slain by Duvessa
             ... wielding a +0 short sword
              (8 damage)
             ... on level 4 of the Dungeon.
             The game lasted 00:07:00 (4194 turns).

hilljack the Digger (Human Earth Elementalist)      Turns: 4194, Time: 00:07:01

Health: -1/41      AC:  3    Str:  8    XL:     6   Next: 38%
Magic:  2/11       EV: 12    Int: 18    God:
Gold:   167        SH:  0    Dex: 13    Spells: 6/12 levels left

rFire   . . .      SeeInvis .   f - +0 whip
rCold   . . .      Faith    .   (no shield)
rNeg    . . .      Spirit   .   a - +1 robe
rPois   .          Reflect  .   (no helmet)
rElec   .          Harm     .   (no cloak)
rCorr   +          Rampage  .   (no gloves)
Will    .....                   (no boots)
Stlth   ++........              (no amulet)
HPRegen 0.13/turn               i - ring of resist corrosion
MPRegen 0.12/turn               (no ring)

@: no status effects
A: no striking features
a: no special abilities


You were on level 4 of the Dungeon.
You visited 1 branch of the dungeon, and saw 4 of its levels.
You also visited: Sewer.

You collected 167 gold pieces.

Inventory:

Hand Weapons
 f - a +0 whip (weapon)
Armour
 a - a +1 robe (worn)
Jewellery
 i - a ring of resist corrosion (left hand)
Scrolls
 b - a scroll of identify
 d - 2 scrolls of enchant armour
 e - 4 scrolls of teleportation
 h - a scroll of magic mapping {unknown}
Potions
 c - 2 potions of flight
 g - 2 potions of brilliance


   Skills:
 - Level 2.0 Dodging
 - Level 2.0 Stealth
 + Level 3.6 Spellcasting
 - Level 1.0 Transmutations
 * Level 5.7 Earth Magic


You had 6 spell levels left.
You knew the following spells:

 Your Spells              Type           Power      Damage    Failure   Level
a - Sandblast             Erth           48%        2d12      1%          1
b - Passwall              Tmut/Erth      12%        N/A       6%          2
c - Stone Arrow           Conj/Erth      26%        3d8       14%         3

Your spell library contained the following spells:

 Spells                   Type           Power      Damage    Failure   Level
 Ensorcelled Hibernation  Hex/Ice        6%         N/A       24%         2
 Poisonous Vapours        Pois/Air       6%         N/A       24%         2
 Petrify                  Tmut/Erth      15%        N/A       36%         4
 Swiftness                Air            3%         N/A       43%         3
 Corpse Rot               Necr/Pois/Air  3%         N/A       83%         4


Dungeon Overview and Level Annotations

Branches:
Dungeon (4/15)              Sewer (visited)
 Temple: D:4-7

Altars:
Dithmenos

Shops:
D:1 [

Annotations:
D:4 Dowan, Duvessa


Message History

There is a stone staircase leading up, spattered with blood here.
Duvessa closely misses you.
Dowan mumbles some strange words.
Dowan blinks!
You climb upwards.
There is a stone staircase leading down here.
You start resting.
HP restored.
You climb downwards.
Level annotation: Dowan, Duvessa Duvessa closely misses you.
Dowan says, "Magic and the sword, together, will defeat you."
Duvessa hits you with a +0 short sword!
Dowan smirks and points a slender finger.
There is a stone staircase leading up, spattered with blood here.
Casting: Stone Arrow (dangerous; 14% risk of failure)
Confirm with . or Enter, or press ? or * to list all spells.
Aiming: Stone Arrow (dangerous; 14% risk of failure)
Press: ? - help, Shift-Dir - straight line, f - Duvessa
Aim: Duvessa, wielding a +0 short sword and wearing a +0 leather armour (72% to hit)
The stone arrow hits Duvessa!
Duvessa is moderately wounded.
Duvessa hits you with a +0 short sword!
Casting: Stone Arrow (dangerous; 14% risk of failure)
Confirm with . or Enter, or press ? or * to list all spells.
Aiming: Stone Arrow (dangerous; 14% risk of failure)
Press: ? - help, Shift-Dir - straight line, f/p - Duvessa
Aim: Duvessa, wielding a +0 short sword and wearing a +0 leather armour (moderately wounded, 72% to hit)
The stone arrow misses Duvessa.
Duvessa hits you with a +0 short sword.
Casting: Stone Arrow (dangerous; 14% risk of failure)
Confirm with . or Enter, or press ? or * to list all spells.
Aiming: Stone Arrow (dangerous; 14% risk of failure)
Press: ? - help, Shift-Dir - straight line, f/p - Duvessa
Aim: Duvessa, wielding a +0 short sword and wearing a +0 leather armour (moderately wounded, 72% to hit)
The stone arrow hits Duvessa.
Duvessa is heavily wounded.
Duvessa hits you with a +0 short sword!
* * * LOW HITPOINT WARNING * * *
Duvessa hits you with a +0 short sword!
You die... .############.. .....ee@....... #############.#

You could see Duvessa and Dowan.

Vanquished Creatures
  Pargi (Sewer)
  A kobold brigand (Sewer)
  2 adders
  A worm (D:2)
  A dart slug (D:2)
  5 bats
  8 endoplasms
  9 giant cockroaches
  9 hobgoblins
  7 kobolds
  5 quokkas
  A ball python (D:2)
  5 frilled lizards
  3 goblins
  5 rats
63 creatures vanquished.

Notes
Turn   | Place    | Note
-------+----------+-------------------------------------------
     0 | D:1      | hilljack the Human Earth Elementalist began the quest for
                  | the Orb.
     0 | D:1      | Reached XP level 1. HP: 13/13 MP: 3/3
   175 | D:1      | Reached XP level 2. HP: 19/19 MP: 3/5
   425 | D:1      | Found a faded altar of an unknown god.
   449 | D:1      | Found Dusigo's Antique Armour Shoppe.
   809 | D:1      | Reached XP level 3. HP: 24/24 MP: 3/6
  1322 | D:2      | Found a shadowy altar of Dithmenos.
  1333 | D:2      | Learned a level 2 spell: Passwall
  1337 | D:2      | Learned a level 3 spell: Stone Arrow
  1529 | D:2      | Reached skill level 4 in Earth Magic
  1676 | D:2      | Reached XP level 4. HP: 30/30 MP: 2/7
  2674 | D:3      | Found a glowing drain.
  2688 | Sewer    | Entered a sewer
  2774 | Sewer    | Noticed a kobold brigand
  2778 | Sewer    | Killed a kobold brigand
  2779 | Sewer    | Reached skill level 5 in Earth Magic
  2779 | Sewer    | Reached XP level 5. HP: 24/35 MP: 4/9
  3010 | Sewer    | Noticed Pargi
  3021 | Sewer    | Killed Pargi
  3022 | Sewer    | Reached XP level 6. HP: 24/41 MP: 5/11
  3608 | D:4      | Noticed Duvessa
  3608 | D:4      | Noticed Dowan
  3856 | D:4      | HP: 1/41 [Duvessa/+0 short sword (5)]
  4194 | D:4      | Slain by Duvessa

Illustrated notes

Levels and vault maps discovered:
D:1:      zaba_arrival_water, layout_basic, serial_shops, shop,
          ebering_ecumenical_altar_sacrificial, minmay_misc_feat_enclosed,
          hangedman_decor_diamond_cutter, minmay_misc_feat_plants
D:2:      minmay_angry_zag, layout_loops_ring, basic_altar
D:3:      layout_loops_ring, gup_sewer_entry_pipe
D:4:      layout_loops_ring, overflow_temple_1_default,
          mainiacjoe_overflow_boulevard, hangedman_abyss_or_decor_passed,
          uniq_duvessa

Skill      XL: |  1  2  3  4 |
---------------+-------------+-----
Earth Magic    | 4 5 |  5.7
Spellcasting   | 3 |  3.6
Dodging        | |  2.0
Stealth        | |  2.0
Transmutations | |  1.0

Action                   |  1- 3 |  4- 6 || total
-------------------------+-------+-------++-------
Melee: Unarmed           |    29 |       ||    29
       Punch             |     1 |       ||     1
       Whip              |       |     1 ||     1
 Cast: Sandblast         |    45 |    44 ||    89
       Stone Arrow       |       |    16 ||    16
  Use: Scroll            |     5 |     2 ||     7
       Potion            |       |     3 ||     3
Armor: Robe              |    11 |    12 ||    23
Dodge: Dodged            |    29 |    28 ||    57
